 Dungeon Crawl Stone Soup version 0.20.1-1-g8b1a95d (webtiles) character file.

112 Internecine the Shooter (level 4, -2/37 HPs)
             Began as a Centaur Hunter on Sept 23, 2017.
             Was an Initiate of Qazlal.
             Killed by divine providence
             ... invoked by an orc priest
              (13 damage)
             ... on level 3 of the Dungeon on Sept 24, 2017.
             The game lasted 00:31:15 (2144 turns).

Internecine the Shooter (Centaur Hunter)            Turns: 2144, Time: 00:31:16

Health: -2/37      AC:  9    Str: 15    XL:     4   Next: 64%
Magic:  4/4        EV: 10    Int: 14    God:    Qazlal [......]
Gold:   159        SH:  0    Dex: 21    Spells: 3/3 levels left

rFire    . . .     SeeInvis .   a - +2 shortbow
rCold    . . .     Gourm    .   (shield currently unavailable)
rNeg     . . .     Faith    .   k - +0 chain mail
rPois    .         Spirit   .   (no helmet)
rElec    .         Reflect  .   v - +0 cloak
rCorr    .         Harm     .   g - +0 pair of gloves
MR       .....                  (no barding)
Stlth    ..........             (no amulet)
Regen    0.2/turn               w - +4 ring of intelligence
MPRegen  0.1/turn               p - +6 ring of dexterity

@: agile, very quick
A: hooves 3, deformed body, speed 2, tough skin 3
a: Renounce Religion


You were on level 3 of the Dungeon.
You worshipped Qazlal.
Qazlal was noncommittal.
You were not hungry.

You visited 1 branch of the dungeon, and saw 3 of its levels.

You collected 159 gold pieces.

Inventory:

Hand Weapons
 a - a +2 shortbow (weapon)
 b - a +0 short sword
 n - a +0 club
 o - a +0 club
 t - a +0 dagger
 u - a +0 dagger
 y - a -3 dagger
 B - a +0 hand axe
 D - a +0 club
 E - a +0 hunting sling
Missiles
 i - 164 stones (quivered)
 m - 47 sling bullets
Armour
 c - a +0 leather armour
 g - a +0 pair of gloves (worn)
 k - a +0 chain mail (worn)
 v - a +0 cloak (worn)
 z - a +0 chain mail
 C - a +0 ring mail
 H - a +0 leather armour
 I - a +0 ring mail
Jewellery
 l - a +5 ring of dexterity
 p - a +6 ring of dexterity (right hand)
 w - a +4 ring of intelligence (left hand)
Scrolls
 h - a scroll of identify
 A - 2 scrolls of fear
 G - a scroll of teleportation
Potions
 e - a potion of ambrosia {unknown}
 j - a potion of agility
 r - 2 potions of heal wounds {unknown}
 s - 2 potions of might
Comestibles
 f - 2 bread rations
 q - a royal jelly
 x - 8 chunks of flesh


   Skills:
 + Level 2.4 Fighting
 + Level 7.4 Bows
 + Level 0.4 Armour
 + Level 1.6 Dodging
 + Level 0.4 Stealth


You had 3 spell levels left.
You didn't know any spells.

Dungeon Overview and Level Annotations

Branches:
Dungeon (3/15)

Altars:
Qazlal


Innate Abilities, Weirdness & Mutations

You have hooves in place of feet.
Armour fits poorly on your strangely shaped body.
You cover ground very quickly.
You have extremely tough skin. (AC +3)


Message History

A puff of flame appears from out of thin air!
The puff of flame hits you!
Throwing (i - inventory):
i - 166 stones (quivered)
Press: ? - help, Shift-Dir - straight line, f/p - orc wizard
Aim: an orc wizard, wielding a dagger and wearing a robe (severely wounded)
You throw a stone.
Throwing (i - inventory):
i - 165 stones (quivered)
Press: ? - help, Shift-Dir - straight line, f/p - orc wizard
Aim: an orc wizard, wielding a dagger and wearing a robe (severely wounded)
You throw a stone.
You feel less confused.
You hear some strange, mumbled words.
A puff of flame appears from out of thin air!
The puff of flame hits you!
* * * LOW HITPOINT WARNING * * *
It was a potion of agility.
You feel agile all of a sudden.
The orc priest calls down the wrath of Beogh upon you.
Beogh smites you!
You die...

#.# #.# #.#
####.#
.(##.#
#(##.#
#o##.# ##.
#(##.#
.....##†##@#
#....(oo..#
....###.####
.# #.# #.#
#.# #.# #.#
..#


You could see an orc priest and an orc wizard.

Vanquished Creatures
  7 adders
  2 worms (D:2)
  2 leopard geckos
  2 orcs (D:3)
  2 ball pythons (D:1)
  A giant cockroach (D:1)
  4 goblins
  5 hobgoblins
  4 jackals (D:2)
  2 kobolds (D:1)
  3 bats
  3 frilled lizards (D:1)
  7 rats
44 creatures vanquished.

Notes
Turn   | Place    | Note
-------+----------+-------------------------------------------
     0 | D:1      | Internecine the Centaur Hunter began the quest for the Orb.
     0 | D:1      | Reached XP level 1. HP: 17/17 MP: 1/1
   192 | D:1      | Reached XP level 2. HP: 16/24 MP: 2/2
   904 | D:2      | Reached skill level 6 in Bows
   952 | D:2      | Reached XP level 3. HP: 10/29 MP: 3/3
  1396 | D:2      | Reached XP level 4. HP: 37/37 MP: 4/4
  1432 | D:2      | Reached skill level 7 in Bows
  1715 | D:2      | Found a stormy altar of Qazlal.
  1739 | D:2      | Became a worshipper of Qazlal Stormbringer
  2144 | D:3      | Killed from afar by an orc priest

Skill      XL: |  1  2  3  4 |
---------------+-------------+-----
Bows           | 6 7 |  7.4
Fighting       | |  2.4
Armour         | |  0.4
Dodging        | |  1.6
Stealth        | |  0.4

Action                   |  1- 3 |  4- 6 || total
-------------------------+-------+-------++-------
Melee: Short sword       |       |    10 ||    10
       Kick              |       |     3 ||     3
 Fire: Shortbow          |   133 |    25 ||   158
Throw: Stone             |       |    12 ||    12
  Use: Scroll            |       |     7 ||     7
       Potion            |       |     1 ||     1
  Eat: Chunk             |       |     2 ||     2
Armor: Leather armour    |    20 |       ||    20
       Chain mail        |       |    15 ||    15
Dodge: Dodged            |    31 |     8 ||    39
